Map: Ulrena

Players

WildCatBrown - Winner!

  • Race: Protoss Protoss
  • League: Bronze

Joel

  • Race: Protoss Protoss
  • League: Silver

VOD

Have the link to the VOD?

Description

Time

  • Played on: Dec. 30, 2015, 10:34 p.m.
  • Length: 12:53
Show
View Real Time Build Order
Export as new Build Order

WildCatBrown Protoss - Winner!

Build Orders: 1 Gate Expand 

Get SALT Encoding   

  12  0:01  Probe (Chrono Boost)  
  13  0:11  Probe (Chrono Boost)  
  14  0:20  Pylon  
  14  0:22  Probe (Chrono Boost)  
  15  0:32  Assimilator  
  15  0:38  Probe (Chrono Boost)  
  16  0:46  Gateway  
  16  0:48  Probe (Chrono Boost)  
  17  0:59  Probe (Chrono Boost)  
  18  1:10  Probe (Chrono Boost)  
  19  1:20  Probe (Chrono Boost)  
  20  1:32  Nexus  
  20  1:35  Probe (Chrono Boost)  
  21  1:46  Cybernetics Core, Probe (Chrono Boost)  
  22  1:57  Probe (Chrono Boost)  
  23  2:05  Pylon  
  22  2:17  Probe (Chrono Boost)  
  23  2:23  Zealot  
  23  2:28  Probe (Chrono Boost)  
  26  2:31  Assimilator  
  26  2:35  Gateway  
  28  2:44  Probe x2 (Chrono Boost)  
  28  2:45  Pylon  
  28  2:47  Warp Gate  
  28  2:55  Mothership Core (Chrono Boost)  
  28  2:57  Probe (Chrono Boost)  
  31  3:08  Probe (Chrono Boost)  
  31  3:09  Adept  
  34  3:13  Probe (Chrono Boost)  
  34  3:18  Probe (Chrono Boost), Assimilator  
  36  3:28  Gateway  
  36  3:34  Gateway  
  34  3:51  Adept  
  34  3:52  Adept  
  34  3:53  Probe (Chrono Boost)  
  34  3:54  Probe (Chrono Boost)  
  40  3:57  Assimilator  
  40  4:04  Probe x2 (Chrono Boost)  
  42  4:13  Forge  
  42  4:14  Probe (Chrono Boost)  
  42  4:15  Robotics Facility  
  43  4:21  Probe (Chrono Boost)  
  44  4:25  Probe (Chrono Boost), Adept  
  47  4:35  Probe (Chrono Boost), Protoss Ground Weapons Level 1  
  47  4:36  Probe (Chrono Boost)  
  47  4:37  Pylon  
  50  4:53  Probe x2 (Chrono Boost)  
  51  5:03  Probe x2 (Chrono Boost)  
  53  5:09  Warp Prism (Chrono Boost)  
  55  5:14  Probe  
  55  5:19  Twilight Council  
  55  5:20  Probe, Pylon  
  57  5:26  Probe  
  58  5:29  Pylon  
  58  5:34  Pylon  
  56  5:48  Adept x4  
  52  6:04  Resonating Glaives  
  64  6:06  Gateway  
  64  6:08  Gateway  
  64  6:12  Observer (Chrono Boost)  
  64  6:17  Adept  
  64  6:18  Adept x3  
  73  6:31  Observer (Chrono Boost)  
  74  6:38  Adept  
  74  6:39  Adept x3  
  51  7:22  Adept x4  
  58  7:45  Probe x2  
  60  7:54  Pylon  
  60  7:56  Pylon  
  60  7:57  Probe x2  
  62  7:59  Photon Cannon  
  62  8:02  Protoss Ground Weapons Level 2  
  62  8:14  Nexus  
  62  8:16  Immortal (Chrono Boost)  
  62  8:17  Assimilator  
  66  8:20  Assimilator  
  66  8:23  Pylon, Charge  
  63  8:35  Adept x5  
  63  8:36  Adept  
  63  8:38  Mothership Core  
  69  8:51  Immortal (Chrono Boost)  
  61  9:18  Zealot x6  
  61  9:48  Adept x4  
  61  9:49  Adept x2  
  73  10:03  Protoss Ground Armor Level 1  
  73  10:08  Gateway  
  73  10:12  Pylon  
  73  10:14  Immortal (Chrono Boost)  
  77  10:15  Pylon  
  77  10:20  Pylon  
  77  10:22  Pylon  
  77  10:27  Nexus  
  77  10:31  Blink, Assimilator  
  77  10:33  Assimilator  
  77  10:36  Adept x3, Pylon  
  77  10:37  Adept  
  77  10:40  Pylon  
  85  11:04  Zealot x3  
  85  11:05  Zealot x3  
  77  11:26  Stalker x2  
  77  11:27  Stalker x4  
  89  11:38  Immortal (Chrono Boost)  
  83  12:32  Stalker x4  
  83  12:33  Stalker  
Show
View Real Time Build Order
Export as new Build Order

Joel Protoss 

Build Orders:  

Get SALT Encoding   

  12  0:01  Probe (Chrono Boost)  
  13  0:12  Probe (Chrono Boost)  
  14  0:22  Probe (Chrono Boost)  
  15  0:30  Pylon  
  15  0:38  Assimilator  
  15  0:48  Gateway  
  15  0:52  Gateway  
  16  0:57  Probe (Chrono Boost)  
  16  1:17  Probe (Chrono Boost), Assimilator  
  17  1:27  Probe (Chrono Boost)  
  17  1:32  Pylon  
  18  1:38  Cybernetics Core, Probe (Chrono Boost)  
  19  1:40  Pylon  
  19  1:48  Probe (Chrono Boost)  
  20  2:02  Probe (Chrono Boost), Forge  
  21  2:13  Probe (Chrono Boost)  
  22  2:23  Probe (Chrono Boost)  
  22  2:26  Adept x2  
  27  2:34  Mothership Core (Chrono Boost)  
  29  2:49  Twilight Council  
  29  3:03  Stalker  
  33  3:06  Stalker  
  33  3:24  Nexus  
  33  3:29  Pylon  
  33  3:48  Warp Gate (Chrono Boost)  
  33  4:15  Protoss Ground Weapons Level 1 (Chrono Boost), Dark Shrine, Pylon  
  33  4:19  Stalker, Pylon  
  33  4:20  Stalker  
  37  4:32  Probe  
  38  4:38  Probe  
  38  4:44  Probe  
  40  4:51  Probe  
  41  4:56  Probe  
  42  5:09  Templar Archives  
  42  5:16  Gateway  
  42  5:17  Gateway  
  42  5:19  Gateway  
  42  5:33  Probe x2  
  42  5:45  Probe x2  
  44  5:54  Robotics Facility  
  44  5:57  Dark Templar x2, Probe x2  
  50  6:17  Stalker x2  
  54  6:19  Zealot  
  54  6:25  Probe x2  
  58  6:37  Probe x2  
  49  6:49  Probe x2  
  47  6:54  Dark Templar  
  47  7:01  Probe  
  46  7:28  Probe  
  47  7:40  Probe  
  48  7:52  Probe  
  49  8:04  Probe, Assimilator  
  50  8:06  Assimilator  
  50  8:08  Pylon  
  50  8:12  Pylon  
  50  8:13  Protoss Ground Weapons Level 2 (Chrono Boost)  
  50  8:14  Zealot  
  50  8:15  Zealot x3  
  50  8:16  Probe, Zealot  
  61  8:23  Photon Cannon  
  61  8:26  Photon Cannon  
  61  8:29  Photon Cannon  
  55  8:45  Stalker x4  
  47  9:05  Sentry  
  36  9:20  Stalker  
  34  9:39  Photon Cannon x2  
  34  9:42  Pylon  
  34  9:44  Pylon  
  34  9:57  Photon Cannon x2  
  34  10:01  Photon Cannon  
  34  10:03  Photon Cannon  
  34  10:12  Nexus  
  34  10:14  Zealot x2, Pylon  
  34  10:16  Pylon  
  34  10:19  Pylon  
  34  10:21  Assimilator  
  38  10:23  Assimilator  
  38  10:27  Photon Cannon  
  38  10:40  Dark Templar  
  40  10:47  Adept x2  
  44  10:54  Pylon  
  38  11:30  Photon Cannon  
  38  11:32  Photon Cannon  
  38  11:34  Photon Cannon  
  38  11:39  Pylon  
  38  11:50  Dark Templar x2  
  40  12:14  Dark Templar  
Tags
 
Add a new tag
Caveats
  • Supply blocks, unpowered buildings, or Contaminate may cause inaccurate times.
  • Supply counts are checked every 10 seconds.